 Dungeon Crawl Stone Soup version 0.31-a0-1476-g8a4046af8c (webtiles) character file.

Game seed: 7392791868897131511

60 Bnni the Digger (level 4, 0/30 (33) HPs)
             Began as a Formicid Earth Elementalist on Dec 29, 2023.
             Killed from afar by Robin (4 damage)
             ... with a puff of flame
             ... on level 2 of the Dungeon.
             The game lasted 00:02:43 (1240 turns).

Bnni the Digger (Formicid Earth Elementalist)       Turns: 1240, Time: 00:02:44

HP:   0/30 (33)     AC:  2    Str: 12    XL:     4   Next: 25%
MP:   8/8           EV: 12    Int: 17    God:
Gold: 38            SH:  0    Dex: 14    Spells: 1/8 levels left

rFire   . . .        d - +0 short sword
rCold   . . .        (no shield)
rNeg    . . .        a - +0 robe
rPois   .            (helmet unavailable)
rElec   .            (no cloak)
rCorr   .            (no gloves)
SInv    +            (no boots)
Will    .....        (no amulet)
Stlth   ++           (no ring)
HPRegen 0.25/turn    (no ring)
MPRegen 0.11/turn

%: no passive effects
@: drained
A: permanent stasis, dig shafts and tunnels, antennae 3, four strong arms
a: Dig, Shaft Self


You were on level 2 of the Dungeon.
You visited 1 branch of the dungeon, and saw 2 of its levels.

You collected 64 gold pieces.
You spent 26 gold pieces at shops.

Inventory:

Hand Weapons
 d - a +0 short sword (weapon)
Armour
 a - a +0 robe (worn)
 g - a +0 chain mail
 h - a +0 plate armour
Scrolls
 c - a scroll of fear {unknown}
 f - a scroll of identify
 i - a scroll of amnesia {unknown}
 j - a scroll of fog {unknown}
 k - a scroll of noise {unknown}
Potions
 e - a potion of might {unknown}


   Skills:
 + Level 1.6 Fighting
 - Level 1.7 Dodging
 - Level 2.4 Stealth
 + Level 2.8 Spellcasting
 + Level 0.2 Conjurations
 * Level 4.8 Earth Magic
 - Level 1.3 Alchemy


You had one spell level left.
You knew the following spells:

 Your Spells              Type           Power      Damage    Failure   Level
a - Sandblast             Erth           36%        2d10      2%          1
b - Passwall              Erth           18%        N/A       8%          3
c - Stone Arrow           Conj/Erth      22%        3d8       19%         3

Your spell library contained the following spells:

 Spells                   Type           Power      Damage    Failure   Level
 Petrify                  Alch/Erth      12%        N/A       45%         4
 Brom's Barrelling Bould  Conj/Erth      11%        2d3       54%         4


Dungeon Overview and Level Annotations

Branches:
Dungeon (2/15)

Altars:

Shops:
D:1 ?

Annotations:
D:2 Robin


Innate Abilities, Weirdness & Mutations

You cannot be hasted, slowed, berserked, paralysed or teleported.
You can dig through walls and to a lower floor.
You have a pair of large antennae on your head. (SInv)
Your four strong arms can wield two-handed weapons with a shield.


Message History

You kill the goblin!
Robin roars a battlecry!
The hobgoblin goes into a battle-frenzy!
Robin barely misses you. The rat misses you.
Unknown command.
You extend your mandibles.
You dig through the rock wall.
You feel drained.
You dig through the rock wall.
You feel drained.
A rat is nearby!
You retract your mandibles.
You hit the rat.
You kill the rat!
You barely miss the hobgoblin. The hobgoblin hits you.
* * * LOW HITPOINT WARNING * * *
Okay, then.
You closely miss the hobgoblin. The hobgoblin barely misses you.
You hit the hobgoblin.
The hobgoblin is lightly wounded.
The hobgoblin hits you.
* * * LOW HITPOINT WARNING * * *
Aiming: Sandblast (safe; 2% risk of failure)
Press: ? - help, Q - select action, (/) - cycle Shift-Dir - straight line, f - hobgoblin
Aim: a hobgoblin (lightly wounded, strong, 82% to hit)
The blast of sand hits the hobgoblin.
You kill the hobgoblin!
Unknown command.
You hit the hobgoblin.
The hobgoblin is severely wounded.
The hobgoblin misses you.
You hit the hobgoblin.
You kill the hobgoblin!
You hit Robin but do no damage. Robin barely misses you.
Magic courses through your body. Robin barely misses you.
Aiming: Sandblast (safe; 2% risk of failure)
Press: ? - help, Q - select action, (/) - cycle Shift-Dir - straight line, f - Robin
Aim: Robin, wielding a +0 trident, wearing a +0 animal skin, wearing a +0 helmet and carrying a wand of flame (87% to hit)
The blast of sand hits Robin.
Robin is moderately wounded.
Robin closely misses you.
Robin zaps a wand.
The puff of flame hits you.
You die...
Robin says, "And that's why I'm the boss."

###..##.......##†.)......
#....#..##.......#.......
##......###.....#####.....
................# ####
...#########...g# ...#
#.....)## .###
###.#####.## ## ##...#
##g# #######..### #@##
#.......## ### ..#######
### #


You could see Robin.

Vanquished Creatures
  A worm (D:2)
  2 dart slugs (D:1)
  3 bats (D:1)
  3 endoplasms (D:1)
  2 giant cockroaches (D:1)
  9 goblins
  9 hobgoblins
  4 jackals (D:1)
  A quokka (D:1)
  A ball python (D:1)
  2 frilled lizards
  8 kobolds
  2 rats
47 creatures vanquished.

Notes
Turn   | Place    | Note
-------+----------+-------------------------------------------
     0 | D:1      | Bnni the Formicid Earth Elementalist began the quest for
                  | the Orb.
     0 | D:1      | Reached XP level 1. HP: 13/13 MP: 3/3
    70 | D:1      | Reached XP level 2. HP: 19/20 MP: 1/5
    80 | D:1      | Reached skill level 4 in Earth Magic
   340 | D:1      | Found Veuhedd's Magic Scroll Shoppe.
   344 | D:1      | Reached skill level 1 in Fighting
   351 | D:1      | Reached XP level 3. HP: 26/26 MP: 1/6
   356 | D:1      | Learned a level 3 spell: Passwall
   360 | D:1      | Learned a level 3 spell: Stone Arrow
   497 | D:1      | Bought a scroll of identify for 26 gold pieces
  1202 | D:2      | Noticed Robin
  1204 | D:2      | Reached XP level 4. HP: 32/32 MP: 5/8
  1240 | D:2      | Killed from afar by Robin

Illustrated notes

Levels and vault maps discovered:
D:1:      dpeg_arrival_more_subterranean_lakeside_camping, layout_basic,
          serial_shops, shop, hex_intersection
D:2:      layout_rooms, grunt_ministairs_13, minmay_pentomino_t2, uniq_robin,
          uniq_crazy_yiuf_cottage, uniq_terence

Skill      XL: |  1  2 |
---------------+-------+-----
Earth Magic    | 4 |  4.8
Fighting       | 1 |  1.6
Dodging        | |  1.7
Stealth        | |  2.4
Spellcasting   | |  2.8
Conjurations   | |  0.2
Alchemy        | |  1.3

Action                     |  1- 3 |  4- 6 || total
---------------------------+-------+-------++-------
  Melee: Unarmed           |    16 |       ||    16
         Short sword       |     6 |    16 ||    22
   Cast: Sandblast         |    56 |    10 ||    66
Ability: Dig               |     1 |     2 ||     3
    Use: Scroll            |     2 |       ||     2
         Potion            |       |     1 ||     1
 Armour: Robe              |    29 |    14 ||    43
  Dodge: Dodged            |    50 |    13 ||    63

Table legend: (Time is in decaauts)
 A = Elapsed time spent in this place.
 B = Non-inter-level travel time spent in this place.
 C = Inter-level travel time spent in this place.
 D = Time resting spent in this place.
 E = Time spent auto-exploring this place.
 F = Levels seen in this place.
 G = Mean time per level.
                   A        B        C        D        E       F      G
               +--------+--------+--------+--------+--------+-----+--------+
         Total |   1271 |   1226 |     45 |     34 |    867 |   2 |  635.5 |
       Dungeon |   1271 |   1226 |     45 |     34 |    867 |   2 |  635.5 |
               +--------+--------+--------+--------+--------+-----+--------+

Top non-repeatable levels by time:
     D:1: 1020 daAuts
     D:2: 251 daAuts
